ORI
UNIVERSITY OF GEORGIA BULLDOGS @ CALIFORNIA STATE UNIVERSITY AT FULLERTON TITANS
11/21/2044
 
TOP OF THE 1ST
Richmond Flying Squirrels batting - Pitching for Clearwater Threshers : RHP Julio Bernal
Pitching: RHP Julio Bernal
Batting: LHB Mario Maria 0-0: Ground out 4-3 (Groundball, 34, EV 100.6 MPH)
Batting: LHB Jason Franks 0-0: Foul Ball, location: 2F
0-1: Swinging Strike
0-2: SINGLE (Flyball, 78S, EV 92.5 MPH)
Batting: RHB Jake Schmiege 0-0: Ball
Jason Franks steals 2nd base
1-0: Ground out 2-3 (Groundball, 2L, EV 70.0 MPH)
Jason Franks to third
Batting: RHB Mike Senter 0-0: Foul Ball, location: 2F
0-1: Called Strike
0-2: Ball
1-2: Strikes out swinging
Top of the 1st over - 0 runs, 1 hit, 0 errors, 1 left on base; Richmond 0 - Clearwater 0
BOTTOM OF THE 1ST
Clearwater Threshers batting - Pitching for Richmond Flying Squirrels : RHP Wilson Malave
Pitching: RHP Wilson Malave
Batting: LHB Jose Torres 0-0: Called Strike
0-1: Swinging Strike
0-2: Ball
1-2: Ball
2-2: SINGLE (Groundball, 23, EV 70.0 MPH) (infield hit)
Batting: RHB Bobby Rolison 0-0: Called Strike
0-1: Foul Ball, location: 2F
0-2: SINGLE (Line Drive, 7LS, EV 93.1 MPH)
Jose Torres to second
Batting: SHB Joe Lightell 0-0: Ball
1-0: Foul Ball, location: 2F
1-1: Ball
2-1: Called Strike
Jose Torres steals 3rd base
Bobby Rolison to second
2-2: Ball
3-2: Fly out, F8 (Flyball, 8LXD, EV 100.0 MPH)
Runner from 3rd tags up, SCORES, no throw by CF
Bobby Rolison to third
Batting: RHB Hayden Williams 0-0: Swinging Strike
0-1: Foul Ball, location: 2F
0-2: Ball
1-2: Fly out, F7 (Flyball, 7D, EV 96.9 MPH)
Runner from 3rd tags up, SCORES, throw by LF
Batting: SHB Isaiah Dixon 0-0: Ball
1-0: Ground out U3 (Groundball, 34S, EV 82.5 MPH)
Bottom of the 1st over - 2 runs, 2 hits, 0 errors, 0 left on base; Richmond 0 - Clearwater 2
TOP OF THE 2ND
Richmond Flying Squirrels batting - Pitching for Clearwater Threshers : RHP Julio Bernal
Batting: RHB Pablo Langenberg 0-0: Foul Ball, location: 2F
0-1: Ball
1-1: Swinging Strike
1-2: Foul Ball, location: 2F
1-2: Foul Ball, location: 2F
1-2: Foul Ball, location: 2F
1-2: DOUBLE (Line Drive, 78M, EV 99.4 MPH)
Batting: RHB Waki Matsui 0-0: Ball
Pablo Langenberg is caught stealing 3rd base 2-5
1-0: Foul Ball, location: 2F
1-1: Ball
2-1: Ball
3-1: Base on Balls
Batting: RHB Rob Potter 0-0: Ball
1-0: Ball
2-0: Ball
3-0: Base on Balls
Waki Matsui to second
Batting: RHB Danny Rivera 0-0: Ball
1-0: Foul Ball, location: 2F
1-1: Called Strike
1-2: Ball
2-2: Fly out, F8 (Flyball, 89D, EV 104.4 MPH)
Runner from 2nd tags up, SAFE at 3rd, no throw by CF
Batting: RHB Wilson Malave 0-0: DOUBLE (Groundball, 3L, EV 108.1 MPH)
Waki Matsui scores
Rob Potter to third
Runner from 3rd tries for Home, throw by RF and OUT! 9-4-2
Top of the 2nd over - 1 run, 2 hits, 0 errors, 1 left on base; Richmond 1 - Clearwater 2
BOTTOM OF THE 2ND
Clearwater Threshers batting - Pitching for Richmond Flying Squirrels : RHP Wilson Malave
Batting: LHB Fernando Hernandez 0-0: Ball
1-0: Foul Ball, location: 2F
1-1: Ball
2-1: Ball
3-1: DOUBLE (Line Drive, 78D, EV 99.4 MPH)
Batting: SHB Robby Meza 0-0: Ground out 6-3 (Groundball, 6, EV 80.0 MPH)
Batting: LHB Ignacio Bernal 0-0: Called Strike
0-1: Foul Ball, location: 2F
0-2: Ball
1-2: Ball
2-2: Ball
3-2: Foul Ball, location: 2F
3-2: Ground out 6-3 (Groundball, 6, EV 110.0 MPH)
Batting: RHB Julio Bernal 0-0: Ball
1-0: Called Strike
1-1: Ball
2-1: Ball
3-1: Ground out 5-3 (Groundball, 56, EV 108.1 MPH)
Bottom of the 2nd over - 0 runs, 1 hit, 0 errors, 1 left on base; Richmond 1 - Clearwater 2
TOP OF THE 3RD
Richmond Flying Squirrels batting - Pitching for Clearwater Threshers : RHP Julio Bernal
Batting: LHB Mario Maria 0-0: Swinging Strike
0-1: SINGLE (Line Drive, 56D, EV 108.1 MPH)
Batting: LHB Jason Franks 0-0: Ball
Mario Maria steals 2nd base
1-0: Ball
2-0: Ball
3-0: Base on Balls
Batting: RHB Jake Schmiege 0-0: Fly out, F5 (Popup, 25, EV 88.8 MPH)
Batting: RHB Mike Senter 0-0: Ball
Mario Maria steals 3rd base
1-0: Ball
2-0: Called Strike
Jason Franks steals 2nd base (no throw)
2-1: Ground out 6-3 (Groundball, 6D, EV 105.6 MPH)
Mario Maria scores
Batting: RHB Pablo Langenberg 0-0: Ball
1-0: Ball
2-0: Called Strike
2-1: TRIPLE (Flyball, 7LD, EV 99.4 MPH)
Jason Franks scores
Batting: RHB Waki Matsui 0-0: Fly out, F9 (Flyball, 9LM, EV 94.4 MPH)
Top of the 3rd over - 2 runs, 2 hits, 0 errors, 1 left on base; Richmond 3 - Clearwater 2
BOTTOM OF THE 3RD
Clearwater Threshers batting - Pitching for Richmond Flying Squirrels : RHP Wilson Malave
Batting: LHB Jose Torres 0-0: Called Strike
0-1: Ground out 4-3 (Groundball, 4M, EV 93.8 MPH)
Batting: RHB Bobby Rolison 0-0: Fly out, F9 (Flyball, 89D, EV 76.9 MPH)
Batting: SHB Joe Lightell 0-0: Ball
1-0: Foul Ball, location: 2F
1-1: DOUBLE (Line Drive, 78D, EV 98.1 MPH)
Batting: RHB Hayden Williams 0-0: Ball
1-0: Called Strike
1-1: Called Strike
1-2: DOUBLE (Line Drive, 78D, EV 104.4 MPH)
Joe Lightell scores
Batting: SHB Isaiah Dixon 0-0: Called Strike
0-1: SINGLE (Groundball, 34D, EV 95.0 MPH)
Hayden Williams to third
Runner from 3rd tries for Home, throw by RF and OUT! 9-2
Bottom of the 3rd over - 1 run, 3 hits, 0 errors, 1 left on base; Richmond 3 - Clearwater 3
TOP OF THE 4TH
Richmond Flying Squirrels batting - Pitching for Clearwater Threshers : RHP Julio Bernal
Batting: RHB Rob Potter 0-0: Ball
1-0: Ball
2-0: Ball
3-0: Base on Balls
Batting: RHB Danny Rivera 0-0: Grounds into double play, 3-6-1 (Groundball, 3, EV 83.1 MPH)
Batting: RHB Wilson Malave 0-0: Ball
1-0: Ball
2-0: Ball
3-0: Base on Balls
Batting: LHB Mario Maria 0-0: Ball
1-0: Ball
2-0: Called Strike
2-1: Ball
3-1: Fly out, F6 (Popup, 6M, EV 70.6 MPH)
Top of the 4th over - 0 runs, 0 hits, 0 errors, 1 left on base; Richmond 3 - Clearwater 3
BOTTOM OF THE 4TH
Clearwater Threshers batting - Pitching for Richmond Flying Squirrels : RHP Wilson Malave
Batting: LHB Fernando Hernandez 0-0: Ball
1-0: TRIPLE (Flyball, 89XD, EV 107.5 MPH)
Batting: SHB Robby Meza 0-0: Foul Ball, location: 2F
0-1: Ball
1-1: Called Strike
1-2: Ball
2-2: Ball
3-2: Base on Balls
Batting: LHB Ignacio Bernal 0-0: Called Strike
0-1: Ball
1-1: Foul Ball, location: 2F
1-2: Fly out, F5 (Popup, 5, EV 70.0 MPH)
Batting: RHB Julio Bernal 0-0: Called Strike
0-1: Called Strike
0-2: Sac Bunt to 25 - play at first, batter OUT! 5-4
Robby Meza to second
Batting: LHB Jose Torres 0-0: Hit by Pitch
Batting: RHB Bobby Rolison 0-0: Ball
1-0: Swinging Strike
1-1: Ball
2-1: Ball
3-1: Swinging Strike
3-2: Base on Balls
Fernando Hernandez scores
Robby Meza to third
Jose Torres to second
Batting: SHB Joe Lightell 0-0: Foul Ball, location: 2F
0-1: Foul Ball, location: 2F
0-2: Ball
1-2: Fly out, F8 (Flyball, 8LM, EV 89.4 MPH)
Bottom of the 4th over - 1 run, 1 hit, 0 errors, 3 left on base; Richmond 3 - Clearwater 4
TOP OF THE 5TH
Richmond Flying Squirrels batting - Pitching for Clearwater Threshers : RHP Julio Bernal
Batting: LHB Jason Franks 0-0: Ball
1-0: Ball
2-0: Ball
3-0: Base on Balls
Batting: RHB Jake Schmiege 0-0: Ball
Jason Franks steals 2nd base (no throw)
1-0: Called Strike
1-1: Ground out 1-3 (Groundball, 13S, EV 67.5 MPH)
Jason Franks to third
Batting: RHB Mike Senter 0-0: SINGLE (Groundball, 6, EV 86.3 MPH) (infield hit)
Jason Franks scores
Batting: RHB Pablo Langenberg 0-0: Ball
1-0: Called Strike
1-1: Swinging Strike
1-2: Ball
2-2: Fly out, F9 (Flyball, 89D, EV 88.8 MPH)
Batting: RHB Waki Matsui 0-0: Called Strike
0-1: Fly out, F8 (Flyball, 8RD, EV 105.0 MPH)
Top of the 5th over - 1 run, 1 hit, 0 errors, 1 left on base; Richmond 4 - Clearwater 4
BOTTOM OF THE 5TH
Clearwater Threshers batting - Pitching for Richmond Flying Squirrels : RHP Wilson Malave
Batting: RHB Hayden Williams 0-0: Ball
1-0: Ball
2-0: Foul Ball, location: 2F
2-1: Ball
3-1: Fly out, F8 (Flyball, 8LXD, EV 110.0 MPH)
Batting: SHB Isaiah Dixon 0-0: Foul Ball, location: 2F
0-1: Fly out, F8 (Flyball, 8LM, EV 85.0 MPH)
Batting: LHB Fernando Hernandez 0-0: Ball
1-0: Ball
2-0: Foul Ball, location: 2F
2-1: Ball
3-1: Swinging Strike
3-2: Base on Balls
Batting: SHB Robby Meza 0-0: Called Strike
0-1: Ball
1-1: Foul Ball, location: 2F
1-2: Strikes out swinging
Bottom of the 5th over - 0 runs, 0 hits, 0 errors, 1 left on base; Richmond 4 - Clearwater 4
TOP OF THE 6TH
Richmond Flying Squirrels batting - Pitching for Clearwater Threshers : RHP Julio Bernal
Batting: RHB Rob Potter 0-0: SINGLE (Line Drive, 8LS, EV 92.5 MPH)
Batting: RHB Danny Rivera 0-0: Ball
1-0: Ball
2-0: Ball
3-0: Base on Balls
Rob Potter to second
Pinch Hitting: RHB Jesus Portalatin 0-0: Ball
1-0: Called Strike
1-1: Fielders Choice at 2nd, 4-6 (Groundball, 4, EV 90.0 MPH)
Rob Potter to third
Pitching: LHP Jesus Zapata
Now at C: Arnaud Christophe
Batting: LHB Mario Maria 0-0: Ball
1-0: Ball
2-0: Ball
3-0: Called Strike
3-1: SINGLE (Groundball, 6M, EV 96.3 MPH)
Rob Potter scores
Jesus Portalatin to second
Pitching: RHP Arturo Gomez
Batting: LHB Jason Franks 0-0: Ground out U3 (Groundball, 3, EV 88.8 MPH)
Jesus Portalatin to third
Mario Maria to second
Batting: RHB Jake Schmiege 0-0: Ball
1-0: Ball
2-0: Ball
3-0: Called Strike
3-1: SINGLE (Groundball, 25, EV 72.5 MPH) (infield hit)
Jesus Portalatin scores
Mario Maria to third
Batting: RHB Mike Senter 0-0: Swinging Strike
0-1: Fly out, F7 (Line Drive, 7S, EV 95.6 MPH)
Top of the 6th over - 2 runs, 3 hits, 0 errors, 2 left on base; Richmond 6 - Clearwater 4
BOTTOM OF THE 6TH
Clearwater Threshers batting - Pitching for Richmond Flying Squirrels : RHP Wilson Malave
Pitching: RHP Edwin Gomez
Batting: LHB Ignacio Bernal 0-0: Called Strike
0-1: SINGLE (Line Drive, 7S, EV 92.5 MPH)
Batting: RHB Arnaud Christophe Pickoff Throw to First - Out! 1-3
0-0: Foul Ball, location: 2F
0-1: Foul Ball, location: 2F
0-2: Ball
1-2: Ball
2-2: Ball
3-2: Foul Ball, location: 2F
3-2: Fly out, F3 (Popup, 23F, EV 90.0 MPH)
Batting: LHB Jose Torres 0-0: Fly out, F7 (Line Drive, 7D, EV 85.0 MPH)
Bottom of the 6th over - 0 runs, 1 hit, 0 errors, 0 left on base; Richmond 6 - Clearwater 4
TOP OF THE 7TH
Richmond Flying Squirrels batting - Pitching for Clearwater Threshers : RHP Arturo Gomez
Batting: RHB Pablo Langenberg 0-0: Ball
1-0: Ball
2-0: Ball
3-0: Base on Balls
Batting: RHB Waki Matsui 0-0: Called Strike
0-1: Swinging Strike
0-2: Ball
1-2: Ball
Pablo Langenberg steals 2nd base
2-2: Hit by Pitch
Batting: RHB Rob Potter 0-0: Sac Bunt to 15 - play at first, batter OUT! 1-3
Pablo Langenberg to third
Waki Matsui to second
Batting: RHB Danny Rivera 0-0: Swinging Strike
0-1: Ball
1-1: Called Strike
1-2: SINGLE (Line Drive, 56D, EV 97.5 MPH)
Pablo Langenberg scores
Waki Matsui to third
Pinch Hitting: SHB Cesar Jimenez 0-0: Ball
Wild Pitch!
Waki Matsui scores
Danny Rivera to second
1-0: Ball
2-0: Ball
3-0: Called Strike
3-1: Base on Balls
Batting: LHB Mario Maria 0-0: DOUBLE (Line Drive, 78D, EV 108.8 MPH)
Danny Rivera scores
Cesar Jimenez to third
Pitching: RHP Armando Avila
Batting: LHB Jason Franks 0-0: Ball
1-0: Called Strike
1-1: Foul Ball, location: 2F
1-2: Strikes out looking
Batting: RHB Jake Schmiege 0-0: Called Strike
0-1: Ball
Passed Ball!
Cesar Jimenez scores
Mario Maria to third
1-1: Foul Ball, location: 2F
1-2: Foul Ball, location: 2F
1-2: Fly out, F8 (Flyball, 78D, EV 94.4 MPH)
Top of the 7th over - 4 runs, 2 hits, 0 errors, 1 left on base; Richmond 10 - Clearwater 4
BOTTOM OF THE 7TH
Clearwater Threshers batting - Pitching for Richmond Flying Squirrels : RHP Edwin Gomez
Pitching: RHP Chris Murphy
Batting: RHB Bobby Rolison 0-0: Ball
1-0: Ball
2-0: Ball
3-0: Called Strike
3-1: Base on Balls
Batting: SHB Joe Lightell 0-0: Called Strike
Bobby Rolison steals 2nd base
0-1: Foul Ball, location: 2F
0-2: Ground out 4-3 (Groundball, 4, EV 103.1 MPH)
Bobby Rolison to third
Batting: RHB Hayden Williams 0-0: Called Strike
0-1: Ball
1-1: Ball
2-1: Called Strike
2-2: Ball
3-2: Foul Ball, location: 2F
3-2: Base on Balls
Batting: SHB Isaiah Dixon 0-0: Foul Ball, location: 2F
0-1: Swinging Strike
0-2: Ball
1-2: Ball
2-2: Ball
3-2: Base on Balls
Hayden Williams to second
Pinch Hitting: LHB Andres Navarro 0-0: Ball
1-0: Ball
2-0: Foul Ball, location: 2F
2-1: Called Strike
2-2: Ball
3-2: Foul Ball, location: 2F
3-2: Foul Ball, location: 2F
3-2: Fielders Choice at 2nd, 5-4 (Groundball, 5, EV 100.0 MPH)
Bobby Rolison scores
Hayden Williams to third
Batting: SHB Robby Meza 0-0: Ball
1-0: Ball
2-0: Ball
3-0: Called Strike
3-1: Ground out 4-3 (Groundball, 34D, EV 86.3 MPH)
Bottom of the 7th over - 1 run, 0 hits, 0 errors, 2 left on base; Richmond 10 - Clearwater 5
TOP OF THE 8TH
Richmond Flying Squirrels batting - Pitching for Clearwater Threshers : RHP Armando Avila
Pitching: RHP Jim Belan
Batting: RHB Mike Senter 0-0: Fly out, F8 (Flyball, 8LS, EV 96.3 MPH)
Batting: RHB Pablo Langenberg 0-0: Foul Ball, location: 2F
0-1: Ball
1-1: Called Strike
1-2: SINGLE (Groundball, 6MD, EV 97.5 MPH)
Batting: RHB Waki Matsui 0-0: Ball
Pablo Langenberg steals 2nd base (no throw)
1-0: Ball
2-0: Foul Ball, location: 2F
2-1: Foul Ball, location: 2F
2-2: Ground out 4-3 (Groundball, 4, EV 104.4 MPH)
Pablo Langenberg to third
Batting: RHB Rob Potter 0-0: Ball
1-0: Foul Ball, location: 2F
1-1: Ball
2-1: Swinging Strike
2-2: Ball
3-2: Strikes out swinging
Top of the 8th over - 0 runs, 1 hit, 0 errors, 1 left on base; Richmond 10 - Clearwater 5
BOTTOM OF THE 8TH
Clearwater Threshers batting - Pitching for Richmond Flying Squirrels : RHP Chris Murphy
Batting: LHB Ignacio Bernal 0-0: Ball
1-0: SOLO HOME RUN (Flyball, 9LD, EV 110.6 MPH), Distance : 351 ft
Batting: RHB Arnaud Christophe 0-0: Ball
1-0: Swinging Strike
1-1: Ball
2-1: Called Strike
2-2: Foul Ball, location: 2F
2-2: Fly out, F8 (Flyball, 8LM, EV 95.6 MPH)
Pitching: LHP Raul Mendez
Batting: LHB Jose Torres 0-0: Swinging Strike
0-1: Foul Ball, location: 2F
0-2: Ball
1-2: Ball
2-2: Strikes out looking
Batting: RHB Bobby Rolison 0-0: Called Strike
0-1: Ball
1-1: Ball
2-1: Ball
3-1: Foul Ball, location: 2F
3-2: Foul Ball, location: 2F
3-2: SINGLE (Line Drive, 89S, EV 99.4 MPH)
Batting: SHB Joe Lightell 0-0: Swinging Strike
0-1: Called Strike
0-2: Ball
1-2: Strikes out swinging
Bottom of the 8th over - 1 run, 2 hits, 0 errors, 1 left on base; Richmond 10 - Clearwater 6
TOP OF THE 9TH
Richmond Flying Squirrels batting - Pitching for Clearwater Threshers : RHP Jim Belan
Batting: RHB Danny Rivera 0-0: Called Strike
0-1: Ball
1-1: Foul Ball, location: 2F
1-2: Strikes out swinging
Pinch Hitting: RHB Daniel Rivas 0-0: Ball
1-0: Foul Ball, location: 2F
1-1: Called Strike
1-2: Strikes out looking
Batting: LHB Mario Maria 0-0: Ball
1-0: Ball
2-0: Called Strike
2-1: Ball
3-1: Called Strike
3-2: Foul Ball, location: 2F
3-2: Foul Ball, location: 2F
3-2: Base on Balls
Batting: LHB Jason Franks 0-0: Ball
1-0: Ball
Pickoff Throw to First - Out! 1-3
Top of the 9th over - 0 runs, 0 hits, 0 errors, 0 left on base; Richmond 10 - Clearwater 6
BOTTOM OF THE 9TH
Clearwater Threshers batting - Pitching for Richmond Flying Squirrels : LHP Raul Mendez
Pitching: RHP David Torres
Batting: RHB Hayden Williams 0-0: Ball
1-0: Ball
2-0: Ball
3-0: Base on Balls
Batting: SHB Isaiah Dixon 0-0: Ball
Wild Pitch!
Hayden Williams to second
1-0: Ball
2-0: Called Strike
2-1: Ball
3-1: Foul Ball, location: 2F
3-2: Foul Ball, location: 2F
3-2: Base on Balls
Pinch Hitting: RHB Steve Olenski 0-0: Foul Ball, location: 2F
0-1: SINGLE (Groundball, 56D, EV 95.6 MPH)
Hayden Williams to third
Isaiah Dixon to second
Pitching: LHP Jace Brennan
Batting: SHB Robby Meza 0-0: Swinging Strike
0-1: Called Strike
0-2: Ball
1-2: Ball
2-2: Foul Ball, location: 2F
2-2: Strikes out swinging
Batting: LHB Ignacio Bernal 0-0: Ball
1-0: Ball
2-0: Ball
3-0: Base on Balls
Hayden Williams scores
Isaiah Dixon to third
Steve Olenski to second
Batting: RHB Arnaud Christophe 0-0: Fly out, F8 (Line Drive, 8LM, EV 98.1 MPH)
Batting: LHB Jose Torres 0-0: Ball
1-0: SINGLE (Groundball, 4MD, EV 98.8 MPH)
Isaiah Dixon scores
Steve Olenski to third
Ignacio Bernal to second
Batting: RHB Bobby Rolison 0-0: Called Strike
0-1: Ball
1-1: Called Strike
1-2: Ground out U3 (Groundball, 34, EV 80.0 MPH)
Bottom of the 9th over - 2 runs, 2 hits, 0 errors, 3 left on base; Richmond 10 - Clearwater 8
Thursday, March 31st , 2022 - OOTP Baseball 22.12 Build 89